 Dungeon Crawl Stone Soup version 0.31-a0-960-g0fca184906 (webtiles) character file.

Game seed: 18400503630102836638

3724 Error4North the Grappler (level 9, 0/78 HPs)
             Began as a White Draconian Shapeshifter on Oct 23, 2023.
             Was an Initiate of Wu Jian.
             Slain by a meliai
             ... wielding a +0 war axe
              (8 damage)
             ... on level 7 of the Dungeon.
             The game lasted 00:25:42 (8475 turns).

Error4North the Grappler (DrSh)                     Turns: 8475, Time: 00:25:42

Health: 0/78       AC:  7    Str: 20    XL:     9   Next: 92%
Magic:  9/9        EV: 14    Int: 12    God:    Wu Jian [......]
Gold:   231        SH:  0    Dex: 10    Spells: 8/8 levels left

rFire   . .          .
                       - Unarmed
rCold   + . .        (no shield)
rNeg    . . .        (body armour unavailable)
rPois   .            (helmet currently unavailable)
rElec   .            (cloak currently unavailable)
rCorr   .            (gloves currently unavailable)
SInv    .            r - melded +0 pair of boots
Will    .....        l - amulet of regeneration
Stlth   ++           (no ring)
HPRegen 1.13/turn    (no ring)
MPRegen 0.11/turn

%: no passive effects
@: lethally poisoned (0 -> -1), short of breath, beast-form, weakened, invisible
A: beast (slay +3), breathe frost, AC +7, unfitting armour, cold resistance 1,
cold-blooded
a: Breathe Frost, Begin Untransformation, Renounce Religion


You were on level 7 of the Dungeon.
You worshipped Wu Jian.
Wu Jian was noncommittal.
You were a hulking beast.
You visited 2 branches of the dungeon, and saw 8 of its levels.
You also visited: Sewer.

You collected 231 gold pieces.

Inventory:

Missiles
 h - 4 boomerangs (quivered)
 p - a throwing net
 s - 6 curare-tipped darts
 y - 5 poisoned darts
Armour
 r - a +0 pair of boots (melded)
Jewellery
 e - an amulet of guardian spirit
 l - an amulet of regeneration (around neck)
Talismans
 b - a beast talisman (active)
 c - a flux talisman
Wands
 w - a wand of charming (6)
Scrolls
 g - a scroll of vulnerability
 j - a scroll of torment
 m - 5 scrolls of identify {unknown}
 n - a scroll of amnesia {unknown}
 q - a scroll of enchant armour {unknown}
 t - a scroll of teleportation {unknown}
 x - a scroll of silence
Potions
 a - 3 potions of lignification
 d - a potion of enlightenment
 i - 2 potions of brilliance
 o - a potion of attraction
 v - a potion of might


   Skills:
 * Level 6.5 Fighting
 + Level 1.1 Throwing
 * Level 6.6 Dodging
 + Level 3.3 Stealth
 - Level 8.4 Unarmed Combat
 * Level 6.7 Shapeshifting


You had 8 spell levels left.
You didn't know any spells.
Your spell library contained the following spells:

 Spells                   Type           Power      Damage    Failure   Level
 Hailstorm                Conj/Ice       0%         3d3       69%         3
 Inner Flame              Hex/Fire       0%         N/A       69%         3
 Tukima's Dance           Hex            0%         N/A       69%         3
 Dimensional Bullseye     Hex/Tloc       0%         N/A       97%         4
 Flame Wave               Conj/Fire      0%         2d4       97%         4
 Iskenderun's Mystic Bla  Conj/Tloc      0%         2d3       97%         4
 Sticky Flame             Conj/Fire      0%         2d3       97%         4
 Summon Ice Beast         Ice/Summ       0%         N/A       97%         4
 Summon Forest            Summ/Tloc      0%         N/A       100%        5
 Eringya's Noxious Bog    Tmut/Pois      0%         4d6       100%        6
 Simulacrum               Ice/Necr       0%         N/A       100%        6
 Summon Hydra             Summ           0%         N/A       100%        7


Dungeon Overview and Level Annotations

Branches:
Dungeon (7/15)             Temple (1/1) D:7           Sewer (visited)

Altars:
Ashenzari
Cheibriados
Gozag
Hepliaklqana
Kikubaaqudgha
Okawaru
Qazlal
Trog
Vehumet
Wu Jian
Xom
Yredelemnul
The Shining One


Innate Abilities, Weirdness & Mutations

You are a hulking beast.
Your limbs bulge with bestial killing power. (Slay +3)
You can breathe waves of freezing cold which knock back foes.
Your icy white scales are hard. (AC +7)
You cannot fit into any form of body armour.
Your flesh is cold resistant. (rC+)
You are cold-blooded and may be slowed by cold attacks.


Message History

The meliai invokes the aid of its god against you.
Something smites you!
The gnoll bouda gazes fiercely through you!
You feel as though you will be weak longer.
The gnoll bouda attacks as it pursues you!
The gnoll bouda barely misses you. The meliai misses you.
The meliai stings you.
You are poisoned.
The meliai poisons you!
You see here 3 scrolls of silence.
You feel very sick. The meliai closely misses you.
The meliai stings you but does no damage.
You feel very sick. The meliai barely misses you.
The meliai closely misses you.
Aiming: Breathe Frost (4% risk of failure)
Press: ? - help, Shift-Dir - straight line, f - gnoll bouda
Aim: a gnoll bouda, wielding a +0 club and wearing a +0 robe (72% to hit)
You exhale a wave of freezing cold.
The freezing breath hits the meliai!
The meliai is moderately wounded.
The meliai is knocked back by the freezing wind.
The meliai collides with the orc!
The freezing breath hits the orc!
You kill the orc!
The Council accepts your kill.
The freezing breath misses the gnoll bouda.
You feel very sick. The meliai hits you with a +0 war axe!
* * * LOW HITPOINT WARNING * * *
The meliai stings you but does no damage.
You fade into invisibility!
You feel sick. The meliai completely misses you.
The meliai stings you but does no damage.
The meliai closely misses you. The meliai stings you.
* * * LOW HITPOINT WARNING * * *
As you read the scroll labelled OTOUTISUTE, it dissolves into smoke.
It was a scroll of fog.
You feel sick. The meliai closely misses you. The meliai stings you.
* * * LOW HITPOINT WARNING * * *
The meliai hits you with a +0 war axe!
You die...

####...#.#.## ##
###...#.
###...##..## )##
######...
))...####.# #|.
.....'##. ###...#
#.## )= ######...
####...###.##.#
#.....
.####...###.#.#
#...###.
...###..####.# ...#
#.
##...#####...######
## ####.
###...##....Hgyh§#
#.... ##
#....#.###.###§#
#.#.. .# #.##.##
#).[# ## # #.#
.###.##..# ##.##
#.# .........# #.#
#.# ..######..# ###
#.# ..# .# #.# #.##
#.. #..## ..#


You could see a meliai (unable to see you) and a gnoll bouda (unable to see
you).

Vanquished Creatures
  Jeremiah (D:6)
  Grinder (D:6)
  3 yaks (D:6)
  2 water moccasins (D:7)
  2 sky beasts (D:6)
  3 orc warriors
  2 ice beasts (D:7)
  2 ogres
  4 scorpions
  A bullfrog (D:7)
  A gnoll sergeant (D:7)
  A centaur zombie (D:3)
  5 hounds
  A gnoll bouda (D:6)
  5 orc priests
  4 sleepcaps
  8 jellies
  A scorpion zombie (D:3)
  4 iguanas
  8 orc wizards
  Robin (D:2)
  8 gnolls
  8 adders
  3 river rats (Sewer)
  A shadow imp (D:5)
  2 white imps
  3 ufetubi
  An adder zombie (D:3)
  3 worms
  3 dart slugs
  20 orcs
  12 endoplasms
  4 giant cockroaches
  16 goblins
  10 hobgoblins
  4 jackals (D:2)
  7 quokkas
  15 ball pythons
  A ball python zombie (D:3)
  10 bats
  17 frilled lizards
  8 kobolds
  9 rats
225 creatures vanquished.

Notes
Turn   | Place    | Note
-------+----------+-------------------------------------------
     0 | D:1      | Error4North the Draconian Shapeshifter began the quest for
                  | the Orb.
     0 | D:1      | Reached XP level 1. HP: 16/16 MP: 1/1
   206 | D:1      | Reached XP level 2. HP: 23/23 MP: 2/2
   845 | D:1      | Reached XP level 3. HP: 28/28 MP: 3/3
  1278 | D:2      | Noticed Robin
  1294 | D:2      | Reached XP level 4. HP: 33/36 MP: 4/4
  1317 | D:2      | Killed Robin
  1854 | D:2      | Reached skill level 4 in Unarmed Combat
  1854 | D:2      | Reached XP level 5. HP: 28/41 MP: 5/5
  2412 | D:3      | Found a basalt altar of Yredelemnul.
  2481 | D:3      | Reached skill level 1 in Stealth
  2481 | D:3      | Reached XP level 6. HP: 45/50 MP: 6/6
  3223 | D:4      | Found a stormy altar of Qazlal.
  3481 | D:4      | Found a broken altar of Ashenzari.
  3503 | D:4      | Found an iron altar of Okawaru.
  3534 | D:4      | Reached skill level 5 in Unarmed Combat
  3794 | D:4      | Your scales start taking on an icy white colour.
  3794 | D:4      | Reached XP level 7. HP: 57/57 MP: 7/7
  3794 | D:4      | Gained mutation: Your flesh is cold resistant. (rC+) [White
                  | Draconian growth]
  4046 | D:5      | Entered Level 5 of the Dungeon
  4488 | D:5      | Found a snail-covered altar of Cheibriados.
  4592 | D:5      | Reached skill level 6 in Unarmed Combat
  4667 | D:5      | Found an ancient bone altar of Kikubaaqudgha.
  5115 | D:5      | Reached XP level 8. HP: 55/66 MP: 8/8
  5380 | D:6      | Found a glowing drain.
  5384 | Sewer    | Entered a sewer
  5534 | Sewer    | Reached skill level 7 in Unarmed Combat
  5572 | Sewer    | Reached skill level 5 in Shapeshifting
  5572 | Sewer    | Found a viscous altar of Jiyva.
  5674 | D:6      | Noticed Jeremiah
  5679 | D:6      | Found a glowing golden altar of the Shining One.
  5695 | D:6      | Killed Jeremiah
  5909 | D:6      | Reached skill level 5 in Dodging
  6157 | D:6      | Reached skill level 5 in Fighting
  6209 | D:6      | Reached XP level 9. HP: 58/74 MP: 7/9
  6272 | D:6      | Noticed Grinder
  6305 | D:6      | Killed Grinder
  6306 | D:6      | Reached skill level 8 in Unarmed Combat
  6636 | D:6      | Found a bloodstained altar of Trog.
  7620 | D:7      | Reached skill level 1 in Throwing
  8067 | D:7      | Found a staircase to the Ecumenical Temple.
  8075 | Temple   | Entered the Ecumenical Temple
  8085 | Temple   | Became a worshipper of the Wu Jian Council
  8459 | D:7      | Noticed a meliai
  8468 | D:7      | Noticed a manticore
  8475 | D:7      | Slain by a meliai

Illustrated notes

Levels and vault maps discovered:
D:1:      saegor_arrival_simple_d, layout_basic, feat_on_display
D:2:      cheibrodos_pilgrimage, layout_basic, serial_aquarium,
          aquarium_bridge_square [aquarium_subvault_window,
          aquarium_subvault_wall, aquarium_subvault_wall,
          aquarium_subvault_bridge], aquarium_bridge_square
          [aquarium_subvault_bridge, aquarium_subvault_wall,
          aquarium_subvault_bridge, aquarium_subvault_balcony],
          aquarium_window_1, aquarium_window_fake, aquarium_window_2,
          aquarium_window_1, aquarium_view_2f, aquarium_view_2a,
          aquarium_balcony_3a, uniq_robin
D:3:      layout_loops_ring, nicolae_yredelemnul_corpse_copse
D:4:      layout_cave_pools, mainiacjoe_overflow_cross_hatched,
          okawaru_gym_becter, serial_park, serial_park_paths
          [serial_park_minivault_5x5_5], serial_park_tiny_pond,
          serial_park_gazebo [serial_park_minivault_5x5_4],
          minmay_misc_feat_rugged, solitary_fountain
D:5:      layout_basic, lemuel_doored_altar, kennysheep_slug_shrine
D:6:      nicolae_BIG_FREAKIN_CUBE, layout_cave_pools,
          mainiacjoe_overflow_chevrons, lightli_temple_of_fire,
          mainiacjoe_sewer_entry_somewhere_in_here_2, uniq_jeremiah,
          uniq_grinder
D:7:      minmay_the_grid_four_pointed_star [minmay_the_grid_triangle_9x9_sprig,
          minmay_the_grid_triangle_9x9_corruption,
          minmay_the_grid_triangle_9x9_minimal,
          minmay_the_grid_triangle_9x9_windchime,
          minmay_the_grid_prize_diamond_cup], layout_basic,
          kennysheep_little_box, minmay_temple_entry_hall
Temple:   hellmonk_temple_rainy

Skill      XL: |  1  2  3  4  5  6  7  8  9 |
---------------+----------------------------+-----
Dodging        | 2 3 4 5 6 |  6.6
Fighting       | 2 3 4 5 6 |  6.5
Unarmed Combat | 4 5 6 7 8 |  8.4
Shapeshifting  | 4 5 6 |  6.7
Stealth        | 1 3 |  3.3
Throwing       | 1 |  1.1

Action                     |  1- 3 |  4- 6 |  7- 9 || total
---------------------------+-------+-------+-------++-------
  Melee: Unarmed           |   121 |   203 |   353 ||   677
         Tailslap          |     8 |    25 |    39 ||    72
         Punch             |       |     3 |    21 ||    24
  Throw: Boomerang         |       |       |     8 ||     8
         Dart              |       |       |     4 ||     4
Ability: Breathe Frost     |       |       |     8 ||     8
         Lunge             |       |       |     2 ||     2
    Use: Scroll            |       |     2 |     3 ||     5
         Potion            |       |       |    10 ||    10
   Stab: Sleeping          |     1 |     2 |     3 ||     6
         Invisible         |       |       |     1 ||     1
 Armour: Skin              |    64 |   134 |   193 ||   391
  Dodge: Dodged            |    82 |   167 |   206 ||   455
   Form: Beast             |       |       |     3 ||     3
                           |       |       |     2 ||     2

Table legend: (Time is in decaauts)
 A = Elapsed time spent in this place.
 B = Non-inter-level travel time spent in this place.
 C = Inter-level travel time spent in this place.
 D = Time resting spent in this place.
 E = Time spent auto-exploring this place.
 F = Levels seen in this place.
 G = Mean time per level.
                   A        B        C        D        E       F      G
               +--------+--------+--------+--------+--------+-----+--------+
         Total |   8451 |   8202 |    249 |   1569 |   4212 |   9 |  939.0 |
       Dungeon |   8159 |   7910 |    249 |   1569 |   4199 |   7 | 1165.6 |
        Temple |     18 |     18 |      0 |      0 |      0 |   1 |   18.0 |
         Sewer |    273 |    273 |      0 |      0 |     13 |   1 |  273.0 |
               +--------+--------+--------+--------+--------+-----+--------+

Top non-repeatable levels by time:
     D:6: 1744 daAuts
     D:2: 1360 daAuts
     D:4: 1266 daAuts
     D:7: 1165 daAuts
     D:3: 958 daAuts
     D:1: 916 daAuts
     D:5: 746 daAuts
   Sewer: 273 daAuts
  Temple: 18 daAuts
